 Dungeon Crawl Stone Soup version 0.32-a0-360-gcd93b57ba1 (webtiles) character file.

Game seed: 5826995754575254733

1384 Goblin1989 the Basher (level 8, -1/56 HPs)
             Began as a Coglin Gladiator on Feb 18, 2024.
             Splashed by a jelly's acid (10 damage)
             ... on level 5 of the Dungeon.
             The game lasted 00:06:25 (4615 turns).

Goblin1989 the Basher (Coglin Gladiator)            Turns: 4615, Time: 00:06:26

Health: -1/56      AC: -1    Str: 16    XL:     8   Next: 67%
Magic:  8/8        EV: 16    Int:  8    God:
Gold:   316        SH:  0    Dex: 16    Spells: 7/7 levels left

rFire   . . .        a - +0 flail {Fatehjeet}
rCold   . . .        t - +0 flail {Zarja}
rNeg    . . .        g - +0 ring mail
rPois   .            c - +0 helmet
rElec   .            (no cloak)
rCorr   .            (no gloves)
SInv    .            (no boots)
Will    .....        (no amulet)
Stlth   +            m - +5 ring of evasion
HPRegen 0.29/turn    (no ring)
MPRegen 0.11/turn

%: no passive effects
@: corroded, revved, stiff-legged, very slow
A: off-hand wielding, slow wielding, warmup strikes, warmup strides
a: no special abilities


You were on level 5 of the Dungeon.
You visited 2 branches of the dungeon, and saw 6 of its levels.

You collected 316 gold pieces.

Inventory:

Hand Weapons
 a - a +0 flail (weapon) {Fatehjeet}
 t - a +0 flail (worn) {Zarja}
Missiles
 d - 2 throwing nets (quivered) {!d , @Q1}
 e - a javelin
Armour
 c - a +0 helmet (worn)
 g - a +0 ring mail (worn)
 B - a +0 plate armour
 C - the +3 ring mail of the Kangaroo {-Tele rF++ Dex+2}
   (You found it on level 5 of the Dungeon)

   Dex+2:     It affects your dexterity (+2).
   rF++:      It greatly protects you from fire.
   -Tele:     It prevents most forms of teleportation.
Jewellery
 m - a +5 ring of evasion (left grasper)
 x - a +4 ring of protection
Wands
 A - a wand of flame (24) {@v1}
Scrolls
 l - 2 scrolls of enchant armour {unknown}
 n - a scroll of blinking {unknown}
 o - 5 scrolls of identify {unknown}
 q - a scroll of noise {unknown}
 r - a scroll of silence {unknown}
 u - a scroll of immolation {unknown}
 w - a scroll of teleportation {unknown}
 y - a scroll of enchant weapon {unknown}
Potions
 i - 2 potions of ambrosia {unknown}
 j - 3 potions of lignification {unknown}
 k - a potion of attraction {unknown}
 p - a potion of resistance {unknown}
 s - a potion of haste {unknown}
 v - a potion of curing {unknown}
 z - a potion of might {unknown}


   Skills:
 + Level 2.1 Fighting
 * Level 9.8 Maces & Flails
 - Level 1.7 Throwing
 + Level 0.3 Armour
 + Level 2.8 Dodging


You had 7 spell levels left.
You didn't know any spells.
Your spell library contained the following spells:

 Spells                   Type           Power      Damage    Failure   Level
 Blink                    Tloc           0%         N/A       77%         2
 Call Imp                 Summ           0%         N/A       77%         2
 Lesser Beckoning         Tloc           0%         N/A       77%         2
 Momentum Strike          Conj/Tloc      0%         3d8       77%         2
 Sublimation of Blood     Necr           0%         N/A       77%         2
 Dazzling Flash           Conj/Hex       0%         N/A       94%         3
 Gell's Gravitas          Tloc           0%         N/A       94%         3
 Teleport Other           Tloc           0%         N/A       94%         3
 Volatile Blastmotes      Fire/Tloc      0%         2d10      94%         3
 Starburst                Conj/Fire      0%         6d3       100%        6
 Summon Hydra             Summ           0%         N/A       100%        7
 Maxwell's Capacitive Co  Air            0%         ∞         100%        8


Dungeon Overview and Level Annotations

Branches:
Dungeon (5/15) Zot: 25198  Temple (1/1) D:5 Zot: 5998

Altars:
Ashenzari
Cheibriados
Dithmenos
Elyvilon
Kikubaaqudgha
Makhleb
Nemelex Xobeh
Okawaru
Qazlal
Ru
Uskayaw
Vehumet
Wu Jian
Xom
Yredelemnul

Shops:
D:1 (


Innate Abilities, Weirdness & Mutations

You can wield a second weapon in your off-hand.
It takes a long time for you to wield or remove held weapons.
Your first few attacks do less damage.
Your first movements take longer.


Message History

No target in view!
No target in view!
No target in view!
No target in view!
No target in view!
No target in view!
No target in view!
No target in view!
No target in view!
No target in view!
No target in view!
No target in view!
No target in view!
You open the door.
An iguana comes into view.
The iguana hisses angrily.
Health restored: 56 An iguana is nearby!
An iguana is nearby!
The iguana barely misses you.
There is an open door here.
You hit the iguana but do no damage. x2; The iguana barely misses you.
You barely miss the iguana with your +0 flail.
You hit the iguana with your +0 flail. The iguana barely misses you.
You hit the iguana with your +0 flail.
The iguana is severely wounded.
You completely miss the iguana with your +0 flail.
The iguana barely misses you.
You hit the iguana with your +0 flail.
The iguana is severely wounded.
You sock the iguana with your +0 flail!
You kill the iguana!
No target in view!
No target in view!
No target in view!
No target in view!
No target in view!
No target in view!
No target in view!
No target in view!
No target in view!
No target in view!
Found a stone staircase leading up.
Found an orcbow.
You now have 316 gold pieces (gained 14).
There is a stone staircase leading up here.
There is an open door here.
There is an escape hatch in the ceiling here.
You see here a +0 ring mail.
A jelly comes into view.
The jelly quivers.
The jelly misses you.
You hit the jelly with your +0 flail.
Your graspers burn!
The jelly is moderately wounded.
You hit the jelly with your +0 flail.
Your graspers burn!
The jelly hits you. The acid corrodes you!
You are splashed with acid!
You take 15 damage, and have 41/56 hp.
MASSIVE DAMAGE!!
You hit the jelly with your +0 flail.
Your graspers burn!
The jelly is severely wounded.
You hit the jelly but do no damage.
Your graspers burn!
The jelly closely misses you.
You take 8 damage, and have 33/56 hp.
You are too injured to fight recklessly!
You are too injured to fight recklessly!
You are too injured to fight recklessly!
You are too injured to fight recklessly!
You are too injured to fight recklessly!
You are too injured to fight recklessly!
You are too injured to fight recklessly!
You are too injured to fight recklessly!
You are too injured to fight recklessly!
You are too injured to fight recklessly!
You are too injured to fight recklessly!
You are too injured to fight recklessly!
You are too injured to fight recklessly!
You are too injured to fight recklessly!
A jelly is nearby!
A jelly is nearby!
You hit the jelly with your +0 flail.
Your graspers burn!
The jelly is severely wounded.
You hit the jelly but do no damage.
Your graspers burn!
The jelly hits you. The acid corrodes you!
You are splashed with acid!
* * * LOW HITPOINT WARNING * * *
You take 11 damage, and have 22/56 hp.
You hit the jelly but do no damage.
Your graspers burn!
* * * LOW HITPOINT WARNING * * *
The jelly is severely wounded.
You hit the jelly with your +0 flail.
Your graspers burn!
* * * LOW HITPOINT WARNING * * *
The jelly misses you.
You take 5 damage, and have 17/56 hp.
You hit the jelly but do no damage.
Your graspers burn!
* * * LOW HITPOINT WARNING * * *
The jelly is severely wounded.
You hit the jelly but do no damage.
Your graspers burn!
* * * LOW HITPOINT WARNING * * *
The jelly hits you.
* * * LOW HITPOINT WARNING * * *
You are splashed with acid!
You die...

███ ███
██████████.█
█.█████
......J@...█
█......
██████████.█
█.█████ █.█ █.█
█.█ █.█
█████████████.█
█.█
█.............█
█.█
█.█████████████
█.█ █.█ █.█ █.█
█.█


You could see a jelly.

Vanquished Creatures
  Grinder (D:3)
  Prince Ribbit (D:5)
  Menkaure (D:4)
  2 ogres
  2 phantoms
  3 bombardier beetles
  A crimson imp (D:4)
  2 hounds (D:5)
  6 iguanas
  Robin (D:3)
  3 adders
  3 gnolls (D:4)
  An adder zombie (D:3)
  2 dart slugs
  A ribbon worm (D:2)
  2 orcs
  3 bats
  5 endoplasms
  4 giant cockroaches
  16 goblins
  7 hobgoblins
  8 jackals
  3 quokkas
  5 ball pythons
  2 frilled lizards
  7 kobolds
  A quokka zombie (D:3)
  4 rats
97 creatures vanquished.

Notes
Turn   | Place    | Note
-------+----------+-------------------------------------------
     0 | D:1      | Goblin1989 the Coglin Gladiator began the quest for the
                  | Orb.
     0 | D:1      | Reached XP level 1. HP: 16/16 MP: 1/1
   209 | D:1      | Reached skill level 3 in Maces & Flails
   211 | D:1      | Reached XP level 2. HP: 22/22 MP: 2/2
   418 | D:1      | Reached XP level 3. HP: 25/27 MP: 3/3
   432 | D:1      | Reached skill level 4 in Maces & Flails
   666 | D:1      | Found Ofaxzuos's Antique Weapon Shoppe.
  1041 | D:2      | Reached XP level 4. HP: 33/33 MP: 4/4
  1478 | D:3      | Noticed Grinder
  1486 | D:3      | Killed Grinder
  1487 | D:3      | Reached skill level 6 in Maces & Flails
  1487 | D:3      | Reached XP level 5. HP: 19/38 MP: 5/5
  1487 | D:3      | Reached XP level 6. HP: 23/44 MP: 6/6
  1496 | D:3      | Found a sacrificial altar of Ru.
  1851 | D:3      | Found a basalt altar of Yredelemnul.
  1987 | D:3      | Noticed Robin
  2008 | D:3      | Killed Robin
  2577 | D:4      | Reached skill level 7 in Maces & Flails
  2577 | D:4      | Reached XP level 7. HP: 50/50 MP: 7/7
  2588 | D:4      | Found a snail-covered altar of Cheibriados.
  2635 | D:4      | Found an iron altar of Okawaru.
  2835 | D:4      | Noticed Menkaure
  2845 | D:4      | Killed Menkaure
  2944 | D:4      | Reached skill level 8 in Maces & Flails
  3088 | D:4      | Found a shimmering altar of Xom.
  3088 | D:4      | Found a burning altar of Makhleb.
  3286 | D:5      | Entered Level 5 of the Dungeon
  3495 | D:5      | Found a broken altar of Ashenzari.
  3527 | D:5      | Reached XP level 8. HP: 54/56 MP: 8/8
  3623 | D:5      | Noticed Prince Ribbit
  3649 | D:5      | Killed Prince Ribbit
  3650 | D:5      | Reached skill level 9 in Maces & Flails
  3992 | D:5      | Found a staircase to the Ecumenical Temple.
  4045 | D:5      | Found a white marble altar of Elyvilon.
  4062 | Temple   | Entered the Ecumenical Temple
  4199 | D:5      | Identified the +3 ring mail of the Kangaroo {-Tele rF++
                  | Dex+2}
  4201 | D:5      | Found an ancient bone altar of Kikubaaqudgha.
  4615 | D:5      | Splashed by a jelly's acid

Illustrated notes

Levels and vault maps discovered:
D:1:      matt_arrival_spirals, layout_basic, serial_shops,
          nicolae_lakefront_shop
D:2:      layout_basic, serial_bayou_lake_a
D:3:      layout_loops_ring, nicolae_ru_awakened_eye,
          lemuel_zombie_altar_yredelemnul, uniq_grinder, uniq_robin
D:4:      layout_loops_ring, grunt_temple_overflow_champion_of_chaos,
          mainiacjoe_overflow_paths, lemuel_doored_altar, nicolae_the_louvre,
          uniq_menkaure
D:5:      layout_basic, cheibrodos_ashenzari_chains, amcnicky_altar_gilded,
          minitemple, temple_fountains, uniq_prince_ribbit1
Temple:   hellmonk_temple_beads

Skill      XL: |  1  2  3  4  5  6  7  8 |
---------------+-------------------------+-----
Maces & Flails | 3 4 6 7 8 9 |  9.8
Fighting       | |  2.1
Throwing       | |  1.7
Armour         | |  0.3
Dodging        | |  2.8

Action                     |  1- 3 |  4- 6 |  7- 9 || total
---------------------------+-------+-------+-------++-------
  Melee: Flail             |    56 |   122 |   182 ||   360
         Whip              |    44 |    64 |       ||   108
  Throw: Throwing net      |       |       |     5 ||     5
    Use: Potion            |       |       |     1 ||     1
   Stab: Sleeping          |       |     1 |       ||     1
         Held in net/web   |       |       |     1 ||     1
 Armour: Leather armour    |     6 |       |       ||     6
         Ring mail         |    37 |    65 |    33 ||   135
  Dodge: Dodged            |    44 |    91 |    59 ||   194

Table legend: (Time is in decaauts)
 A = Elapsed time spent in this place.
 B = Non-inter-level travel time spent in this place.
 C = Inter-level travel time spent in this place.
 D = Time resting spent in this place.
 E = Time spent auto-exploring this place.
 F = Levels seen in this place.
 G = Mean time per level.
                   A        B        C        D        E       F      G
               +--------+--------+--------+--------+--------+-----+--------+
         Total |   4802 |   4679 |    123 |    477 |   3543 |   6 |  800.3 |
       Dungeon |   4800 |   4677 |    123 |    477 |   3543 |   5 |  960.0 |
        Temple |      1 |      1 |      0 |      0 |      0 |   1 |    1.0 |
               +--------+--------+--------+--------+--------+-----+--------+

Top non-repeatable levels by time:
     D:5: 1367 daAuts
     D:3: 1123 daAuts
     D:1: 799 daAuts
     D:4: 758 daAuts
     D:2: 750 daAuts
  Temple: 1 daAuts
